 Dungeon Crawl Stone Soup version 0.29.1-1-gd02db6906a (webtiles) character file.

Game seed: 10657279786578502412

683 Homeless the Caller (level 7, 0/41 HPs)
             Began as an Octopode Hedge Wizard on Oct 19, 2022.
             Was an Initiate of Vehumet.
             Slain by a quokka (2 damage)
             ... on level 5 of the Dungeon.
             The game lasted 00:26:06 (9115 turns).

Homeless the Caller (Octopode Hedge Wizard)         Turns: 9115, Time: 00:26:07

Health: 0/41       AC:  1    Str:  7      XL:     7   Next: 61%
Magic:  6/11       EV: 13    Int: 19      God:    Vehumet [......]
Gold:   273        SH:  0    Dex: 10 (11) Spells: 7/12 levels left

rFire   . . .      SeeInvis .   f - +11 short sword of the Known World {elec, rN++}
rCold   . . .      Faith    .   (no shield)
rNeg    + + +      Spirit   .   b - +0 hat
rPois   .          Reflect  .   (no amulet)
rElec   .          Harm     .   j - ring of positive energy
rCorr   .          Rampage  .   n - ring of positive energy
Will    .....      Clarity  +   (no ring)
Stlth   +++.......              (no ring)
HPRegen 0.13/turn               (no ring)
MPRegen 0.12/turn               (no ring)
                                (no ring)
                                (no ring)

@: on blink cooldown
A: almost no armour, amphibious, 8 rings, camouflage 1, gelatinous body 1,
(nimble swimmer 1), tentacles, clarity, weak 1
a: Renounce Religion


You were on level 5 of the Dungeon.
You worshipped Vehumet.
Vehumet was noncommittal.
You visited 1 branch of the dungeon, and saw 5 of its levels.

You collected 273 gold pieces.

Inventory:

Hand Weapons
 e - a +1 rapier of electrocution
 f - the +11 short sword of the Known World (weapon) {elec, rN++}
   (You found it on level 5 of the Dungeon)

   It occasionally discharges a powerful burst of electricity upon striking a
   foe.
   rN:        It greatly protects you from negative energy.
 k - a +3 sling
Missiles
 c - 3 poisoned darts
Armour
 b - a +0 hat (worn)
Jewellery
 j - a ring of positive energy (left tentacle)
 n - a ring of positive energy (right tentacle)
Wands
 d - a wand of mindburst (31)
 i - a wand of acid (9)
Scrolls
 a - 2 scrolls of blinking
 l - 2 scrolls of identify
 o - a scroll of amnesia
Potions
 g - 4 potions of curing
 h - 2 potions of attraction
 m - a potion of might


   Skills:
 - Level 2.6 Dodging
 - Level 3.8 Stealth
 - Level 3.0 Spellcasting
 * Level 4.4 Conjurations
 * Level 6.0 Summonings
 - Level 1.2 Translocations


You had 7 spell levels left.
You knew the following spells:

 Your Spells              Type           Power      Damage    Failure   Level
a - Magic Dart            Conj           76%        1d6       2%          1
b - Blink                 Tloc           14%        N/A       14%         2
c - Call Imp              Summ           26%        N/A       1%          2

Your spell library contained the following spells:

 Spells                   Type           Power      Damage    Failure   Level
 Slow                     Hex            8%         N/A       16%         1
 Conjure Flame            Conj/Fire      11%        6-21      19%         3
 Ensorcelled Hibernation  Hex/Ice        4%         N/A       22%         2
 Passwall                 Tmut/Erth      1%         N/A       22%         2
 Mephitic Cloud           Conj/Pois/Air  8%         N/A       26%         3
 Confusing Touch          Hex            2%         N/A       41%         3
 Ignite Poison            Fire/Tmut/Pois 2%         N/A       41%         3
 Ozocubu's Armour         Ice            2%         N/A       41%         3
 Swiftness                Air            2%         N/A       41%         3
 Vampiric Draining        Necr           2%         2d6       41%         3
 Freezing Cloud           Conj/Ice/Air   4%         6-21      93%         5
 Ozocubu's Refrigeration  Ice            1%         4d7       100%        7


Dungeon Overview and Level Annotations

Branches:
Dungeon (5/15)             Temple (0/1) D:4

Altars:
Cheibriados
Fedhas
Okawaru
Vehumet
Yredelemnul
Zin

Shops:
D:4 (

Annotations:
D:4 exclusion: statue
D:5 2 transporters, fireball365's ghost, novice MiFi


Innate Abilities, Weirdness & Mutations

You cannot wear most types of armour.
You are amphibious.
You can wear up to eight rings at the same time.
Your skin changes colour to match your surroundings (Stealth+).
Your rubbery body absorbs attacks. (AC +1, EV +1)
((You are camouflaged when in or above water. (Stealth+)))
You have tentacles for arms and can constrict up to eight enemies at once.
You possess an exceptional clarity of mind.
You are weak. (Str -2)


Message History

The vampire is lightly damaged.
Your iron imp completely misses the vampire.
The vampire barely misses you. x2; Something hits your iron imp.
You barely miss the vampire. Your grab misses the vampire.
Something closely misses your iron imp. The vampire hits you.
The vampire bites you!
You hit the vampire but do no damage. You grab the vampire.
You constrict the vampire, but do no damage.
A quokka comes into view.
Your iron imp hits the vampire.
The vampire hits you. The vampire bites you! Something hits your iron imp!!
Your iron imp dies!
Your iron imp disappears in a puff of smoke!
You barely miss the vampire.
The vampire is lightly damaged.
You constrict the vampire, but do no damage.
The vampire hits you.
* * * LOW HITPOINT WARNING * * *
The vampire barely misses you.
You hit the vampire.
The vampire is moderately damaged.
You constrict the vampire, but do no damage.
Something barely misses you. The vampire closely misses you.
The vampire bites you.
* * * LOW HITPOINT WARNING * * *
Casting: Magic Dart (safe; 2% risk of failure)
Confirm with . or Enter, or press ? or * to list all spells.
You blink.
You lose your grip on the vampire.
An iguana, an orc and an orc wizard come into view.
Found a potion of heal wounds.
The orc shouts!
The orc wizard shouts!
You hear a shout!
An orc comes into view. It is wielding a +0 hand axe.
An orc priest comes into view. It is wielding a +0 short sword.
Casting: Blink (safe; 14% risk of failure)
Confirm with . or Enter, or press ? or * to list all spells.
You are still too unstable to blink.
The orc attacks as you move away! The orc hits you with a +3 mace.
* * * LOW HITPOINT WARNING * * *
The quokka attacks as you move away! The quokka bites you.
You die...

#.# ##...## #.#
##'## #.# #.#
#.# #ยง####
##......#
##...###.#
#...V[#
o#.###.r.###
.o.o...o@...#
.##.####.##...l.
#.# #.## #.. #
####


You could see a vampire, an iguana (asleep), an orc priest, an orc wizard, 2
orcs and a quokka.

Vanquished Creatures
  A black bear (D:5)
  2 ogres
  2 hounds
  An iron imp (D:4)
  3 iguanas (D:5)
  An orc wizard (D:5)
  9 adders
  A shadow imp (D:5)
  A dart slug (D:3)
  4 orcs
  5 bats
  2 endoplasms
  2 giant cockroaches
  4 goblins
  4 hobgoblins
  12 jackals
  7 kobolds
  A quokka (D:4)
  8 ball pythons
  4 rats
74 creatures vanquished.

Vanquished Creatures (collateral kills)
  2 hounds
  2 orcs (D:5)
  An endoplasm (D:3)
  A goblin (D:3)
  3 hobgoblins (D:4)
  A bat (D:3)
10 creatures vanquished.

Vanquished Creatures (others)
  2 fungi (D:2)
  11 plants (D:2)
13 creatures vanquished.

Grand Total: 97 creatures vanquished

Notes
Turn   | Place    | Note
-------+----------+-------------------------------------------
     0 | D:1      | Homeless the Octopode Hedge Wizard began the quest for the
                  | Orb.
     0 | D:1      | Reached XP level 1. HP: 11/11 MP: 4/4
   468 | D:1      | Gained mutation: You are weak. (Str -2) [potion of
                  | mutation]
   468 | D:1      | Gained mutation: You possess an exceptional clarity of
                  | mind. [potion of mutation]
   792 | D:1      | Reached XP level 2. HP: 17/17 MP: 1/6
  1772 | D:2      | Reached XP level 3. HP: 16/21 MP: 1/7
  2348 | D:2      | Learned a level 2 spell: Blink
  3637 | D:2      | Found a faded altar of an unknown god.
  4147 | D:3      | Found an iron altar of Okawaru.
  4431 | D:3      | Reached XP level 4. HP: 12/27 MP: 8/8
  4679 | D:3      | Learned a level 2 spell: Call Imp
  5681 | D:4      | Reached skill level 2 in Summonings
  5681 | D:4      | Reached XP level 5. HP: 30/31 MP: 6/9
  6176 | D:4      | Found Daebrut's Firing Range.
  6372 | D:4      | Found a radiant altar of Vehumet.
  6372 | D:4      | Noticed a charred statue
  6610 | D:4      | Found a snail-covered altar of Cheibriados.
  6621 | D:4      | Noticed an ogre
  6630 | D:4      | Killed an ogre
  6631 | D:4      | Reached skill level 3 in Summonings
  6631 | D:4      | Reached XP level 6. HP: 26/36 MP: 1/10
  6785 | D:4      | Found a basalt altar of Yredelemnul.
  6794 | D:4      | Became a worshipper of Yredelemnul the Dark
  7233 | D:4      | Found a staircase to the Ecumenical Temple.
  7428 | D:4      | Identified the +2 ring mail "Idum" {Rampage Will++ Regen+}
  7433 | D:4      | Fell from the grace of Yredelemnul
  7433 | D:4      | Became a worshipper of Vehumet
  7651 | D:5      | Entered Level 5 of the Dungeon
  7803 | D:5      | Identified the +11 short sword of the Known World {elec,
                  | rN++}
  7827 | D:5      | Reached skill level 4 in Summonings
  8146 | D:5      | Found a blossoming altar of Fedhas.
  8252 | D:5      | Reached XP level 7. HP: 41/41 MP: 7/11
  8444 | D:5      | Found a transporter.
  8446 | D:5      | Found a transporter.
  8462 | D:5      | Reached skill level 5 in Summonings
  8469 | D:5      | Noticed fireball365's ghost (novice MiFi)
  8482 | D:5      | Noticed a hornet
  8838 | D:5      | Found a glowing silver altar of Zin.
  8957 | D:5      | Reached skill level 6 in Summonings
  9106 | D:5      | Noticed a vampire
  9114 | D:5      | HP: 2/41 [orc/+3 mace (6)]
  9115 | D:5      | Slain by a quokka

Illustrated notes

Levels and vault maps discovered:
D:1:      roderic_octagonal_star, layout_loops_ring
D:2:      layout_basic, shapermc_ecumenical_altar_mp_ritualfount
D:3:      layout_rooms, lemuel_tele_altar, minmay_pentomino_pile
D:4:      layout_loops_ring, slow_altar_1, mainiacjoe_overflow_chevrons,
          vehumet_statue, minmay_temple_entry_enclosed_plants, serial_rivers,
          chequers_serial_rivers_micro_e, chequers_serial_rivers_small_b,
          chequers_serial_rivers_small_3, chequers_serial_rivers_room_a,
          nicolae_shop_firing_range
D:5:      layout_loops_corners, overflow_temple_1_default,
          nicolae_overflow_hidden_temple, gammafunk_ghost_hive

Skill      XL: |  1  2  3  4  5  6  7 |
---------------+----------------------+-----
Stealth        | 3 |  3.8
Conjurations   | 2 3 4 |  4.4
Summonings     | 2 3 4 6 |  6.0
Dodging        | |  2.6
Spellcasting   | |  3.0
Translocations | |  1.2

Action                   |  1- 3 |  4- 6 |  7- 9 || total
-------------------------+-------+-------+-------++-------
Melee: Dagger            |     4 |       |       ||     4
       Constrict         |    12 |     9 |     1 ||    22
       Rapier            |    24 |    50 |       ||    74
       Tentacles         |     7 |    13 |     1 ||    21
       Punch             |       |     2 |       ||     2
       Short sword       |       |       |    12 ||    12
 Cast: Magic Dart        |    58 |    52 |    17 ||   127
       Blink             |    17 |     5 |     1 ||    23
       Call Imp          |       |    22 |     6 ||    28
  Use: Scroll            |     9 |     1 |     1 ||    11
       Potion            |     5 |     5 |       ||    10
 Stab: Distracted        |       |     1 |       ||     1
Armor: Skin              |     5 |     8 |       ||    13
Dodge: Dodged            |    38 |    50 |     7 ||    95
